[Event "Late-Titled-Tuesday-Blitz-March-19-2024"]
[Site "Chess.com"]
[Date "2024.03.19"]
[Round "5"]
[White "BardArtem"]
[Black "mishanick"]
[Result "0-1"]
[WhiteElo "2743"]
[BlackElo "3118"]
[TimeControl "180+1"]
[EndTime "14:55:10 PDT"]
[Termination "mishanick won by resignation"]

1. e4 c5 2. d4 cxd4 3. Qxd4 Nc6 4. Qd3 e6 5. Nc3 a6 6. Bf4 Nf6 7. O-O-O b5 8. Nf3 Ng4 9. Bg3 Bc5 10. e5 Bxf2 11.
Ne4 Bxg3 12. hxg3 Ngxe5 13. Nxe5 Nxe5 14. Nd6+ Kf8 15. Qe4 Qg5+ 16. Kb1 Rb8 17. Be2 g6 18. Rdf1 Ke7 19. Qd4 Bb7 20. Qc5 Kd8 21. Rxf7 Bc6 22. Rfxh7 Rxh7 23. Rxh7 Qd2 24. a3 Qxe2 25. Rh8+ Kc7 26.
Qa7+ Rb7 27. Nxb7 Qd1+ 28. Ka2 Bd5+ 29. b3 Qxc2+ 30. Ka1 Qc3+ 31. Kb1 Be4+ 32. Ka2 Qc2+ 0-1

[Event "Late-Titled-Tuesday-Blitz-March-19-2024"]
[Site "Chess.com"]
[Date "2024.03.19"]
[Round "5"]
[White "Szparu"]
[Black "Young_Catalan_Player09"]
[Result "1-0"]
[WhiteElo "2801"]
[BlackElo "2601"]
[TimeControl "180+1"]
[EndTime "14:55:10 PDT"]
[Termination "Szparu won by resignation"]

1. e4 Nf6 2. e5 Nd5 3. d4 d6 4. Nf3 dxe5 5. Nxe5 g6 6. Be2 Bg7 7. O-O O-O 8. Nf3 Nc6 9. c4 Nb6 10. d5 Na5 11. Nbd2 c6 12. dxc6 Nxc6 13. Nb3 Bf5 14. Be3 Bxb2 15. Qe1 Qc7 16. Rd1 Rad8 17. c5 Nd5 18.
Bh6 Bg7 19. Bxg7 Kxg7 20. Bc4 Nf4 21. Qc3+ e5 22. Rfe1 Rxd1 23. Rxd1 Rd8 24. Re1 f6 25.
g3 Nd3 26. Re3 e4 27. Nfd2 Qe5 28. Qc2 Ncb4 29. Qb1 Nxc5 30. Bf1 Nbd3 31. Nc4 Qc3 32. Nxc5 Qxc4 33. Qxb7+ Kh6 34. Nxe4 Qc2 35. Rxd3 Rxd3 36. Nxf6 g5 37. Qa6 Rd1 38. Ng4+ Kh5 39. Ne3 Rxf1+ 40. Qxf1 Qb1 41. g4+ 1-0

[Event "Late-Titled-Tuesday-Blitz-March-19-2024"]
[Site "Chess.com"]
[Date "2024.03.19"]
[Round "5"]
[White "FabianoCaruana"]
[Black "ContrVersia"]
[Result "1-0"]
[WhiteElo "3084"]
[BlackElo "2922"]
[TimeControl "180+1"]
[EndTime "14:55:12 PDT"]
[Termination "FabianoCaruana won on time"]

1. d4 Nf6 2. c4 e6 3. Nc3 Bb4 4.
e3 b6 5. Ne2 Ba6 6. Ng3 Bxc3+ 7. bxc3 d5 8. cxd5 Bxf1 9. Rxf1 Qxd5 10. f3 Nc6 11. Qe2 O-O-O 12. e4 Qa5 13. Bd2 Qa4 14. Kf2 h5 15. h4 Na5 16. Rfb1 Ne8 17. Rb4 Qc6 18.
e5 f6 19. Rc1 fxe5 20. Qxe5 Nf6 21. c4 Nd7 22. Qe2 e5 23. c5 bxc5 24. dxc5 Nf6 25. Rcb1 Qxc5+ 26. Be3 Qc6 27. Rb8+ Kd7 28.
Rd1+ Nd5 29. Rb5 Ke6 30. Rxa5 Nxe3 31. Rxd8 Ng4+ 32. fxg4 Qb6+ 33. Kf1 Rxd8 34. Rxe5+ Kd7 35. Rd5+ Kc8 36. Rxd8+ Kxd8 37. Nxh5 g6 38. Nf4 Qf6 39. g3 a6 40. g5 Qf5 41. Kg2 1-0

[Event "Late-Titled-Tuesday-Blitz-March-19-2024"]
[Site "Chess.com"]
[Date "2024.03.19"]
[Round "5"]
[White "WilsonPalencia21"]
[Black "bubeliang"]
[Result "1-0"]
[WhiteElo "2619"]
[BlackElo "2788"]
[TimeControl "180+1"]
[EndTime "14:55:12 PDT"]
[Termination "WilsonPalencia21 won by checkmate"]

1. d4 d5 2. c4 e6 3. Nf3 Nf6 4. Nc3 dxc4 5. e3 a6 6. Bxc4 b5 7. Be2 Bb7 8. O-O Nbd7 9. b3 Be7 10. Bb2 O-O 11. Rc1 Rc8 12. Rc2 c5 13. dxc5 Nxc5 14. Rd2 Qb6 15. Ne5 Qc7 16. f4 Nce4 17. Nxe4 Nxe4 18. Rd7 Qc5 19. Bd4 Qc7 20. Rxc7 Rxc7 21. Bf3 f5 22. Qe1 Rc2 23. Qa5 Rfc8 24. Qb6 Bd5 25. Qxa6 Rc1 26. Bxe4 fxe4 27. Rxc1 Rxc1+ 28. Kf2 h6 29. g3 Bb4 30. h4 Rc2+ 31. Kg1 Be1 32.
Qxb5 Bf2+ 33. Kf1 Kh7 34. Qe8 Rxa2 35. Qg6+ Kg8 36. Ng4 Kf8 37. Qxg7+ Ke8 38. Nf6+ Kd8 39. Qd7# 1-0

[Event "Late-Titled-Tuesday-Blitz-March-19-2024"]
[Site "Chess.com"]
[Date "2024.03.19"]
[Round "5"]
[White "TheRigos"]
[Black "AlexPapasimakopoulos"]
[Result "0-1"]
[WhiteElo "2565"]
[BlackElo "2756"]
[TimeControl "180+1"]
[EndTime "14:55:13 PDT"]
[Termination "AlexPapasimakopoulos won by resignation"]

1. d4 e6 2. c4 d5 3. Nc3 a6 4. cxd5 exd5 5. Nf3 c6 6. Bf4 Bd6 7. Bg3 Ne7 8. e3 Bf5 9. Qb3 Ra7 10. Bxd6 Qxd6 11.
Qb6 Nc8 12. Qb3 Nd7 13. Nh4 Bg6 14. Be2 a5 15. O-O Qb4 16. Nxg6 hxg6 17. e4 dxe4 18.
Nxe4 Qxd4 19. Bf3 Qe5 20. g3 O-O 21. Rfe1 Nc5 22. Qc2 Nxe4 23. Rxe4 Qb5 24. Rae1 Nd6 25. Re7 Raa8 26. Rd7 Rad8 27. Rxd8 Rxd8 28. Qd2 Qb4 29.
Qe3 Nf5 30. Qe5 Qd4 31. Qxd4 Nxd4 32. Bg4 f5 33. Bd1 Kf7 34. h4 b5 35. Kg2 a4 36.
h5 gxh5 37. Bxh5+ g6 38. Bd1 c5 39. Re5 Ne6 40. Bf3 Kf6 41. Re1 Rd2 42. a3 Rxb2 43.
Bd5 Ng5 44. Re8 Ne4 45. Bxe4 fxe4 46. Rxe4 b4 47. Rc4 Rb3 48. Rxc5 Rxa3 49. Rb5 b3 50. f4 Ra2+ 51. Kf3 b2 52. Ke3 a3 53. Kd2 Ra1 54. Kc2 Rc1+ 0-1

[Event "Late-Titled-Tuesday-Blitz-March-19-2024"]
[Site "Chess.com"]
[Date "2024.03.19"]
[Round "5"]
[White "KnightmareJoker"]
[Black "joksijoksi"]
[Result "0-1"]
[WhiteElo "2317"]
[BlackElo "2577"]
[TimeControl "180+1"]
[EndTime "14:55:14 PDT"]
[Termination "joksijoksi won by resignation"]

1. e4 c5 2. Nf3 e6 3. d4 cxd4 4. Nxd4 a6 5. Nc3 b5 6. Be2 Bb7 7. a3 Nc6 8. O-O Nf6 9. Nxc6 dxc6 10. Bf3 Bd6 11. Re1 Qc7 12. g3 O-O 13. Qe2 e5 14.
Bg5 Nd7 15. Rad1 f6 16. Be3 Nc5 17. b4 Ne6 18. Bg4 Rfe8 19. Rd3 c5 20. Nd5 Bxd5 21. exd5 Nd4 22. Bxd4 cxd4 23. Be6+ Kh8 24. c3 dxc3 25. Qc2 a5 26. Rxc3 Qb7 27. Rc6 Bf8 28. Rc7 Qb6 29. Rc6 Qb7 30. Re4 axb4 31. axb4 Ra1+ 32. Kg2 h6 33. Rh4 Ra7 34. Qg6 Rxe6 35. Kh3 Rxc6 36. dxc6 Qxc6 37. Re4 Qd7+ 38. Kg2 Ra2 39. h4 Qd5 40.
Kh3 Rxf2 41. h5 Qd7+ 42. g4 Qd3+ 43. Re3 Qxe3+ 0-1

[Event "Late-Titled-Tuesday-Blitz-March-19-2024"]
[Site "Chess.com"]
[Date "2024.03.19"]
[Round "5"]
[White "C_K_G"]
[Black "Chessbard1972"]
[Result "1-0"]
[WhiteElo "2204"]
[BlackElo "2296"]
[TimeControl "180+1"]
[EndTime "14:55:14 PDT"]
[Termination "C_K_G won on time"]

1. e4 g6 2. d4 Bg7 3. Nf3 c6 4. c4 d6 5. h3 Nf6 6. Nc3 O-O 7. Be2 Nbd7 8. Be3 e5 9. Qd2 Re8 10. d5 cxd5 11. cxd5 Nc5 12. Bxc5 dxc5 13. O-O Bd7 14. a4 Rf8 15. Nxe5 Nxe4 16. Nxe4 Bxe5 17. Nxc5 Bc8 18.
Bf3 b6 19. Nd3 Bd6 20. Rfe1 Ba6 21. Nb4 Bb7 22. Rac1 Qf6 23. Nc6 Bf4 24. Qc3 Qxc3 25. Rxc3 Bd2 26. Re7 Bxc3 27. Rxb7 Bxb2 28. d6 Bf6 29. Bd5 Kg7 30. g4 g5 31. Kg2 h6 32.
Kg3 Rae8 33. Rxa7 Be5+ 34. Nxe5 Rxe5 35. Bc6 Rd8 36. d7 Rc5 37. Bb5 1-0

[Event "Late-Titled-Tuesday-Blitz-March-19-2024"]
[Site "Chess.com"]
[Date "2024.03.19"]
[Round "5"]
[White "xakevicius91"]
[Black "kids2010"]
[Result "0-1"]
[WhiteElo "2570"]
[BlackElo "2777"]
[TimeControl "180+1"]
[EndTime "14:55:15 PDT"]
[Termination "kids2010 won by resignation"]

1. e4 c6 2. d4 d5 3. e5 Bf5 4. Nd2 e6 5. Nb3 Nd7 6. Nf3 Qc7 7. Be2 c5 8. dxc5 Bxc5 9. Nxc5 Qxc5 10. c3 Ne7 11.
Nd4 Bg6 12. f4 Nf5 13. Bb5 Nxd4 14. Bxd7+ Kxd7 15. cxd4 Qb4+ 16. Qd2 Qb6 17. O-O Rac8 18.
Qd1 Be4 19. Rf2 Rc4 20. Be3 Rhc8 21. Rc1 Rxc1 22. Bxc1 Qa5 23. a3 Qb5 24. Be3 b6 25. g4 g6 26. h3 Qc4 27. Kh2 b5 28.
Rd2 a5 29. Kg3 h6 30. Kf2 Bc2 31. Qe1 Qb3 32. Qc1 b4 33. axb4 axb4 34. Re2 Bd3 35. Qa1 Bxe2 36. Kxe2 Qc2+ 37. Kf3 Qe4+ 38. Kf2 Rc2+ 39.
Kf1 Qg2+ 0-1

[Event "Late-Titled-Tuesday-Blitz-March-19-2024"]
[Site "Chess.com"]
[Date "2024.03.19"]
[Round "5"]
[White "Beca95"]
[Black "Goryachkina"]
[Result "0-1"]
[WhiteElo "2936"]
[BlackElo "2662"]
[TimeControl "180+1"]
[EndTime "14:55:15 PDT"]
[Termination "Goryachkina won by checkmate"]

1. d4 Nf6 2. c4 e6 3. Nc3 Bb4 4. e3 O-O 5. Bd3 d5 6. a3 Bxc3+ 7. bxc3 dxc4 8. Bxc4 c5 9. Bd3 Nc6 10. Nf3 Qc7 11. Bb2 e5 12. Nxe5 Nxe5 13. dxe5 Qxe5 14. Qe2 Re8 15. c4 Qe7 16. O-O Bg4 17. Qc2 h6 18. Rfe1 Rad8 19. f3 Be6 20. Rad1 Rd7 21. Bf1 Red8 22.
e4 Rxd1 23. Rxd1 Rxd1 24. Qxd1 Qd7 25. Qc1 Ne8 26. Qc3 b6 27. e5 Bf5 28. Be2 Nc7 29. g4 Bh7 30. Qe3 Ne6 31. f4 Nd4 32. f5 Nxe2+ 33. Qxe2 h5 34. h3 hxg4 35. hxg4 Kf8 36.
Kf2 Ke8 37. Ke3 g6 38. Qh2 gxf5 39.
Qxh7 f4+ 40. Ke4 Qd2 41. Qg8+ Ke7 42. Qg5+ Ke8 43. e6 fxe6 44. Bf6 Qe3# 0-1

[Event "Late-Titled-Tuesday-Blitz-March-19-2024"]
[Site "Chess.com"]
[Date "2024.03.19"]
[Round "5"]
[White "Chempiblinka"]
[Black "RodokininEV"]
[Result "0-1"]
[WhiteElo "2359"]
[BlackElo "2682"]
[TimeControl "180+1"]
[EndTime "14:55:15 PDT"]
[Termination "RodokininEV won on time"]

1. Nf3 Nf6 2. g3 d5 3. Bg2 Bg4 4. O-O e6 5. c4 c6 6. cxd5 exd5 7. h3 Bh5 8. d3 Be7 9. Nc3 O-O 10. e4 Bg6 11.
Nh4 Na6 12. Nxg6 hxg6 13. Qe2 Re8 14. e5 Bc5 15. Kh2 Nc7 16. f4 Nd7 17. Qg4 Bd4 18.
Ne2 Bb6 19. d4 Ne6 20. Be3 Ndf8 21. f5 gxf5 22. Rxf5 Ng6 23. Raf1 Re7 24. h4 Qd7 25. h5 Ngf8 26. Bh3 c5 27. Rf6 Nxd4 28. e6 Ndxe6 29. h6 g6 30. Bc1 d4 31. Nf4 Nxf4 32. Qxf4 Qd5 33. Bg2 Qh5+ 34. Kg1 c4 35. Rxf7 d3+ 36. Rf2 Bxf2+ 0-1

[Event "Late-Titled-Tuesday-Blitz-March-19-2024"]
[Site "Chess.com"]
[Date "2024.03.19"]
[Round "5"]
[White "Piotrek1979"]
[Black "rcmz"]
[Result "1-0"]
[WhiteElo "2478"]
[BlackElo "2220"]
[TimeControl "180+1"]
[EndTime "14:55:15 PDT"]
[Termination "Piotrek1979 won on time"]

1. Nf3 d6 2. d4 Nd7 3. c4 h6 4. Nc3 c6 5. e4 g5 6. h3 Bg7 7. Be3 Nf8 8. Be2 Qc7 9. Qc2 Ng6 10.
O-O-O Nf6 11. Kb1 e5 12. d5 c5 13. g3 a6 14. Nd2 Bd7 15. a4 Rb8 16. f3 Qa5 17. Nb3 Qb4 18. Bd2 Bxa4 19. Nxa4 Qxa4 20. Na5 Qd7 21. b4 cxb4 22. Bxb4 Ne7 23. Qb3 O-O 24. Rc1 b6 25. Nc6 Nxc6 26. dxc6 Qxc6 27. Rhd1 Rfd8 28. h4 g4 29. Ka2 a5 30. Ba3 h5 31. Qb5 Rbc8 32. Rb1 Qxb5 33. cxb5 Rc2+ 34. Rb2 Rxb2+ 35. Kxb2 Bf8 36. Rc1 gxf3 37. Bxf3 Kg7 38. Rc6 Kg6 39.
Rxb6 Be7 40. Kb3 a4+ 41. Kxa4 Ra8+ 42. Ra6 Rb8 43. Bxd6 Bxd6 44. Rxd6 Ra8+ 45. Ra6 Rb8 46. b6 Kg7 47. Kb5 Nd7 48. Bxh5 Nf8 49. Bg4 1-0

[Event "Late-Titled-Tuesday-Blitz-March-19-2024"]
[Site "Chess.com"]
[Date "2024.03.19"]
[Round "5"]
[White "yuriydovzik"]
[Black "cthulhuuu"]
[Result "0-1"]
[WhiteElo "2112"]
[BlackElo "2414"]
[TimeControl "180+1"]
[EndTime "14:55:16 PDT"]
[Termination "cthulhuuu won on time"]

1. e4 d6 2. d4 Nf6 3. Nc3 c6 4. f4 Qb6 5. Nf3 Bg4 6. Rb1 e6 7. Be3 d5 8. e5 Ne4 9. Nxe4 dxe4 10.
h3 Bxf3 11. gxf3 exf3 12. c3 Qa5 13. a3 Qd5 14. Kf2 Qe4 15. Bd3 Qd5 16. c4 Qd8 17. Qxf3 Qh4+ 18. Ke2 g6 19. Rbg1 Nd7 20. c5 O-O-O 21. b4 f6 22. b5 Nb8 23. a4 fxe5 24. fxe5 Bh6 25. Qg4 Qxg4+ 26. hxg4 Bxe3 27. Kxe3 b6 28. cxb6 axb6 29. Rc1 Kc7 30. bxc6 h5 31. gxh5 gxh5 32.
Be4 Rdg8 33. Rhg1 h4 34. Rxg8 Rxg8 0-1

[Event "Late-Titled-Tuesday-Blitz-March-19-2024"]
[Site "Chess.com"]
[Date "2024.03.19"]
[Round "5"]
[White "VD_coach"]
[Black "Sanyura"]
[Result "1-0"]
[WhiteElo "2512"]
[BlackElo "2628"]
[TimeControl "180+1"]
[EndTime "14:55:17 PDT"]
[Termination "VD_coach won by checkmate"]

1. Nf3 Nf6 2. d4 g6 3. c4 Bg7 4. g3 O-O 5. Bg2 d6 6. O-O Nbd7 7. Nc3 e5 8. h3 exd4 9. Nxd4 Nc5 10.
b3 Re8 11. Bb2 a5 12. Qc2 a4 13. Nxa4 Nxa4 14. bxa4 Nd7 15. Bc3 Nc5 16. a5 h5 17.
h4 Bd7 18. Rab1 Bxd4 19. Bxd4 Bf5 20. e4 Bxe4 21. Bxe4 Nxe4 22. Rfe1 d5 23. Rxb7 Rxa5 24. Ba1 Qa8 25. Qb2 f6 26. Rxe4 Rxe4 27. Qxf6 Re1+ 28. Kh2 Rxa1 29. Qxg6+ Kf8 30. Qf6+ Ke8 31. Qe6+ Kd8 32.
Rb3 R5xa2 33. Qf6+ Kd7 34. Qf7+ Kd6 35. Qf6+ Kc5 36.
Qe7+ Kxc4 37. Qb4# 1-0

[Event "Late-Titled-Tuesday-Blitz-March-19-2024"]
[Site "Chess.com"]
[Date "2024.03.19"]
[Round "5"]
[White "BebeBonito2022"]
[Black "gorgeous1083"]
[Result "1-0"]
[WhiteElo "2293"]
[BlackElo "2059"]
[TimeControl "180+1"]
[EndTime "14:55:17 PDT"]
[Termination "BebeBonito2022 won on time"]

1. d4 Nf6 2. c4 e6 3. Nc3 Bb4 4.
e3 O-O 5. Bd2 Re8 6. a3 Bf8 7.
Bd3 d5 8. Nf3 c5 9. O-O Nc6 10.
dxc5 Bxc5 11. b4 dxc4 12. Bxc4 Bd6 13. e4 Ne5 14. Be2 a6 15. Nd4 Bxb4 16. axb4 Qxd4 17. Qc2 Bd7 18. Be3 Qxb4 19. Rfb1 Qf8 20. Rxb7 Bc6 21.
Rb6 Rec8 22. f3 a5 23. Qb2 Be8 24. Nd5 Nxd5 25. exd5 Nc4 26. Bxc4 Rxc4 27. dxe6 fxe6 28. Rxe6 Bf7 29. Rb6 Qc8 30. Rb7 Rc2 31. Qb5 Qe6 32. Bf2 1-0

[Event "Late-Titled-Tuesday-Blitz-March-19-2024"]
[Site "Chess.com"]
[Date "2024.03.19"]
[Round "5"]
[White "MathiasWomacka"]
[Black "Cluke86"]
[Result "0-1"]
[WhiteElo "2486"]
[BlackElo "2327"]
[TimeControl "180+1"]
[EndTime "14:55:19 PDT"]
[Termination "Cluke86 won by resignation"]

1. e4 d6 2. d4 Nf6 3. Nc3 e5 4. Nf3 Nbd7 5. Bc4 Be7 6. O-O c6 7. a4 Qc7 8. Re1 h6 9. h3 g5 10. Be3 Nf8 11. Nd2 Ng6 12. Bf1 g4 13. hxg4 Nxg4 14.
dxe5 dxe5 15. Nc4 h5 16. a5 Be6 17. Na4 Nxe3 18. Rxe3 Nf4 19. g3 Rg8 20. Kh1 Nh3 21.
Bxh3 Bxh3 22. Qxh5 Be6 23. Qxe5 Qc8 24. Nd6+ Bxd6 25.
Qxd6 Bg4 26. Kg2 Bh3+ 27. Kg1 Qg4 28. Nc5 Rd8 29. Qe5+ Kf8 30. Qf6 Rd1+ 31. Rxd1 Qxd1+ 32. Kh2 Qf1 33. Qf3 Rh8 34. g4 Bxg4+ 35. Kg3 Bxf3 36. Rxf3 Rh3+ 37. Kf4 Rxf3+ 38. Kxf3 Qd1+ 39. Ke3 Qxc2 40.
Nxb7 Qb3+ 41. Kd4 Qxb7 42. Kc3 Qb5 43. b4 Ke7 44. f4 Kd6 45. e5+ Kd5 46. f5 Kxe5 0-1

[Event "Late-Titled-Tuesday-Blitz-March-19-2024"]
[Site "Chess.com"]
[Date "2024.03.19"]
[Round "5"]
[White "Zampronha1971"]
[Black "Bugcrusher"]
[Result "1-0"]
[WhiteElo "2315"]
[BlackElo "2467"]
[TimeControl "180+1"]
[EndTime "14:55:19 PDT"]
[Termination "Zampronha1971 won by resignation"]

1. e4 e6 2. d4 d5 3. Nc3 Bb4 4. e5 c5 5. a3 Ba5 6. Bd2 cxd4 7.
Nb5 Bxd2+ 8. Qxd2 Nc6 9. Nf3 Nh6 10. Nd6+ Kf8 11. Nb5 Nf5 12. g4 a6 13. gxf5 axb5 14.
f6 gxf6 15. Qh6+ Ke8 16. exf6 Qa5+ 17. Qd2 Qxd2+ 18. Kxd2 e5 19. Bxb5 e4 20. Nxd4 Bd7 21.
Bxc6 bxc6 22. b4 Rg8 23. Ke3 Rg6 24. c3 Rxf6 25. Rhg1 Rg6 26. Rg3 Ke7 27. a4 c5 28.
bxc5 Rxa4 29. Rxg6 Rxa1 30. Rh6 Re1+ 31. Kf4 Rc1 32.
c6 Be6 33. Ke5 Rxc3 34. Nxe6 Rxc6 35. Nd4 Rxh6 36. Nf5+ Kd7 37. Nxh6 Kc6 38. Kd4 f6 39. Ng4 f5 40. Nf6 f4 41. Nxh7 Kb5 42. Nf6 e3 43. fxe3 f3 44. Ng4 Kc6 45. Nf2 Kd6 46. e4 dxe4 47. Kxe4 Ke6 48. Kxf3 Kf5 49. Kg3 Kg5 50. h4+ Kh5 51. Nh3 Kh6 52. Kg4 Kg6 53. h5+ Kh6 54.
Kh4 Kh7 55. Kg5 Kg7 56. h6+ Kh7 57. Kh5 Kh8 58. Kg6 Kg8 59. Nf4 Kh8 60. Nd5 Kg8 61.
Nc7 Kh8 62. Ne6 Kg8 63. Ng5 Kh8 64. Nf7+ Kg8 65. h7+ Kf8 66. h8=Q+ 1-0

[Event "Late-Titled-Tuesday-Blitz-March-19-2024"]
[Site "Chess.com"]
[Date "2024.03.19"]
[Round "5"]
[White "rhwr"]
[Black "JaackCamel"]
[Result "1-0"]
[WhiteElo "2316"]
[BlackElo "2192"]
[TimeControl "180+1"]
[EndTime "14:55:20 PDT"]
[Termination "rhwr won by checkmate"]

1. e4 e6 2. Nf3 d5 3. e5 c5 4. b4 cxb4 5. a3 bxa3 6. Bxa3 Bxa3 7. Nxa3 Ne7 8. Nb5 O-O 9. Rxa7 Rxa7 10. Nxa7 Bd7 11.
Nb5 Nbc6 12. Bd3 Ng6 13. Qe2 Nb4 14. O-O Nxd3 15. Qxd3 Qb6 16. Nbd4 Ra8 17. c3 h6 18.
g3 Ra2 19. Rb1 Qa7 20. Nb5 Qa4 21. Nd6 Bc6 22. Nxb7 Qg4 23. Nd6 d4 24. Nxd4 Bd5 25. c4 Ba8 26. f3 Qh5 27. Ne4 Qxe5 28. Ne2 f5 29. N4c3 Ra3 30. Qd8+ Kh7 31. Rb8 h5 32. Qg8+ Kh6 33. h4 Ra1+ 34. Kg2 Qf6 35. Qd8 Qe5 36.
Rxa8 Re1 37. Qg5+ Kh7 38. Qxh5# 1-0

[Event "Late-Titled-Tuesday-Blitz-March-19-2024"]
[Site "Chess.com"]
[Date "2024.03.19"]
[Round "5"]
[White "Vadim_Galchenko"]
[Black "schondeln"]
[Result "1-0"]
[WhiteElo "2609"]
[BlackElo "2396"]
[TimeControl "180+1"]
[EndTime "14:55:21 PDT"]
[Termination "Vadim_Galchenko won on time"]

1. e4 d5 2. exd5 Qxd5 3. Nc3 Qa5 4. Nf3 Nf6 5. d4 Bf5 6. Ne5 c6 7. Bc4 e6 8. g4 Bg6 9. h4 Nbd7 10.
Nxd7 Nxd7 11. h5 Be4 12. O-O Bd5 13. Nxd5 cxd5 14. Bd3 Qb6 15. c3 Bd6 16. Qe2 O-O-O 17.
a4 Bc7 18. a5 Qd6 19. f4 Kb8 20.
a6 b6 21. Be3 g6 22. h6 f6 23. Bb5 e5 24. Qf3 Nf8 25. fxe5 fxe5 26. dxe5 Qxe5 27. Bf4 Qe7 28. b4 Ne6 29. Rae1 Rhf8 30. Bxc7+ Qxc7 31.
Qg2 Nf4 32. Qh2 g5 33. Rf3 Rf6 34. Ref1 Qd6 35. Qd2 Rxh6 36. Qd4 1-0

[Event "Late-Titled-Tuesday-Blitz-March-19-2024"]
[Site "Chess.com"]
[Date "2024.03.19"]
[Round "5"]
[White "Kimkibo"]
[Black "korkmaz16"]
[Result "1-0"]
[WhiteElo "2299"]
[BlackElo "2561"]
[TimeControl "180+1"]
[EndTime "14:55:21 PDT"]
[Termination "Kimkibo won on time"]

1. d4 d5 2. Nf3 Nf6 3. Bf4 c5 4. e3 Nc6 5. Nbd2 Qb6 6. dxc5 Qxb2 7.
Rb1 Qc3 8. Bb5 g6 9. Be5 Qxc5 10.
Bxf6 exf6 11. c4 dxc4 12. O-O Be7 13. Ne4 Qa3 14. Nd4 Bd7 15. Bxc4 Nxd4 16. Qxd4 O-O-O 17. Bd5 Bc6 18. Rfc1 f5 19. Qc4 Rxd5 20. Qxd5 Qa6 21. Qxf7 Ba3 22. Qe6+ Kc7 23. Qe5+ Kc8 24. Qxh8+ Kc7 25.
Qxh7+ Kc8 26. Qg8+ Kc7 27. Qf7+ Kc8 28. Qe6+ Kc7 29. Qe5+ Kc8 30. Nd6+ Kd7 31. Rd1 Bxd6 32. Qxd6+ Ke8 33. Qc7 1-0

[Event "Late-Titled-Tuesday-Blitz-March-19-2024"]
[Site "Chess.com"]
[Date "2024.03.19"]
[Round "5"]
[White "TheMagician"]
[Black "wild3000"]
[Result "0-1"]
[WhiteElo "2228"]
[BlackElo "2440"]
[TimeControl "180+1"]
[EndTime "14:55:21 PDT"]
[Termination "wild3000 won on time"]

1. d4 Nf6 2. c4 e6 3. Nf3 d5 4. e3 c5 5. a3 a6 6. dxc5 Bxc5 7. b4 Be7 8. Bb2 O-O 9. Nbd2 Nc6 10. Rc1 Bd7 11. c5 Re8 12. Be2 Bf8 13. Ne5 Nxe5 14. Bxe5 Bc6 15. O-O Nd7 16. Ba1 e5 17. Nb3 Qh4 18.
Na5 Nf6 19. Nxc6 bxc6 20. Qa4 a5 21. g3 Qh3 22. Qxc6 axb4 23. axb4 Rac8 24. Qxc8 Qxc8 25. Rc2 h5 26. Rfc1 h4 27. b5 d4 28. exd4 exd4 29. Bxd4 Ne4 30. Bf1 Ng5 31. Bg2 h3 32. Bh1 Qe6 33.
Be3 Qf5 34. Bxg5 Qxg5 35. Bc6 Rc8 36. Bh1 Rxc5 0-1

[Event "Late-Titled-Tuesday-Blitz-March-19-2024"]
[Site "Chess.com"]
[Date "2024.03.19"]
[Round "5"]
[White "GMKrikor"]
[Black "M1711"]
[Result "1-0"]
[WhiteElo "2824"]
[BlackElo "2641"]
[TimeControl "180+1"]
[EndTime "14:55:22 PDT"]
[Termination "GMKrikor won by resignation"]

1. Nf3 d5 2. c4 e6 3. d4 Nf6 4. Nc3 Nbd7 5. cxd5 exd5 6. Bf4 Bb4 7. e3 O-O 8. Bd3 c5 9. dxc5 Nxc5 10. O-O Bg4 11.
Rc1 Bxf3 12. gxf3 Ne6 13. Bg3 Bxc3 14. Rxc3 d4 15. Rc1 dxe3 16. fxe3 Qb6 17. Qe2 Rfe8 18. Kh1 Rad8 19. Bc4 Nd4 20. Qf2 Nf5 21. e4 Nxg3+ 22. hxg3 Qxf2 23. Rxf2 g5 24. Bb3 Re7 25. g4 Kg7 26.
Kg2 Red7 27. Rc5 h6 28. Rf5 Ng8 29. f4 gxf4 30. R5xf4 Rf8 31. e5 Re7 32. e6 f6 33.
Rd2 Kg6 34. Kf3 Rc8 35. Rfd4 Rec7 36. Bd5 Ne7 37. Be4+ Kg7 38. Rd7 b6 39. Rxc7 Rxc7 40. Rd7 Rc1 41. Rxe7+ 1-0

[Event "Late-Titled-Tuesday-Blitz-March-19-2024"]
[Site "Chess.com"]
[Date "2024.03.19"]
[Round "5"]
[White "Yaacovn"]
[Black "valeriocarnicelli"]
[Result "1-0"]
[WhiteElo "2872"]
[BlackElo "2551"]
[TimeControl "180+1"]
[EndTime "14:55:22 PDT"]
[Termination "Yaacovn won by resignation"]

1. d4 Nf6 2. e3 c5 3. c3 d6 4. Nf3 cxd4 5. exd4 g6 6. h3 Bg7 7.
Bd3 O-O 8. O-O b6 9. Re1 Bb7 10. Bg5 Nbd7 11. Nbd2 Rc8 12. Qe2 Re8 13. Ba6 Qc7 14.
a4 h6 15. Bxf6 Nxf6 16. Bxb7 Qxb7 17. Nc4 Qa6 18. Nfd2 d5 19. Ne5 Qxe2 20. Rxe2 a6 21.
a5 b5 22. Nd3 Nd7 23. Nb3 e6 24. Nbc5 Nxc5 25. Nxc5 Rc6 26. b4 Bf8 27. Rae1 Bxc5 28. dxc5 g5 29. f3 f6 30. Kf2 e5 31. Rd1 Kf7 32. Rxd5 h5 33. Red2 Ree6 34. Rd7+ Kg6 35. Ke3 h4 36. R2d6 Kf5 37. Rxc6 Rxc6 38. Re7 Re6 39. Rb7 e4 40. Rb6 exf3+ 41. Rxe6 Kxe6 42.
Kxf3 f5 43. g3 hxg3 44. Kxg3 Ke5 45. Kf3 Kd5 46. Kf2 Ke5 47. Kg3 Kd5 48. h4 f4+ 49. Kf3 g4+ 50. Kxf4 1-0

[Event "Late-Titled-Tuesday-Blitz-March-19-2024"]
[Site "Chess.com"]
[Date "2024.03.19"]
[Round "5"]
[White "HaryKane"]
[Black "kylelancman"]
[Result "1-0"]
[WhiteElo "2587"]
[BlackElo "2464"]
[TimeControl "180+1"]
[EndTime "14:55:22 PDT"]
[Termination "HaryKane won on time"]

1. Nf3 Nf6 2. g3 b5 3. Bg2 Bb7 4.
O-O e6 5. b3 Be7 6. c4 bxc4 7.
bxc4 c5 8. Nc3 O-O 9. Rb1 Bc6 10. d3 Na6 11. Bg5 h6 12. Bf4 d6 13. e4 e5 14. Bd2 Nb4 15. a3 Na6 16. Nd5 Nc7 17.
Ba5 Bxd5 18. cxd5 Qc8 19. Nd2 a6 20. Nc4 Rb8 21. Qc2 Nb5 22. Bc3 Qd7 23. Ra1 Rfc8 24. a4 Nd4 25. Bxd4 cxd4 26. Rfb1 Qc7 27. a5 Rb5 28.
Qa4 Rcb8 29. Nb6 Rxb1+ 30. Rxb1 Qc3 31. Bf1 Qd2 32. Nc4 Rxb1 33. Nxd2 Rb5 34. Qc4 Rxa5 35.
Qc7 Ra2 36. Qxe7 Rxd2 37. Qxd6 Ng4 38. Qb8+ Kh7 39. d6 Nxf2 40. d7 Nd1 41. Qxe5 Ne3 42. d8=Q Rd1 43. Qf4 1-0

[Event "Late-Titled-Tuesday-Blitz-March-19-2024"]
[Site "Chess.com"]
[Date "2024.03.19"]
[Round "5"]
[White "Leo_C"]
[Black "ChessBrainiacOnTwitch"]
[Result "1-0"]
[WhiteElo "2659"]
[BlackElo "2809"]
[TimeControl "180+1"]
[EndTime "14:55:23 PDT"]
[Termination "Leo_C won on time"]

1. e4 c5 2. Nf3 d6 3. d4 cxd4 4. Qxd4 Nc6 5. Bb5 Bd7 6. Qd3 Nf6 7. c4 a6 8. Bxc6 Bxc6 9. Nc3 e6 10. Bf4 Be7 11. Rd1 Qb6 12. b3 Rd8 13. O-O O-O 14. Nd4 Bd7 15. Be3 Qc7 16. h3 Bc6 17. Rfe1 Nd7 18. Rc1 Nc5 19. Qb1 Bf6 20. b4 Na4 21. Nd5 Bxd5 22. cxd5 Qd7 23. dxe6 fxe6 24. Qb3 Rfe8 25.
Red1 b5 26. e5 Bxe5 27. Nc6 Bb2 28. Nxd8 Bxc1 29. Nxe6 Qxe6 30. Qxe6+ Rxe6 31. Rxc1 d5 32. Rc7 Re4 33. Rd7 Nc3 34. Bc5 d4 35. f3 Re1+ 36.
Kh2 Nxa2 37. Bxd4 Nxb4 38. Rxg7+ Kf8 39. Rxh7 Nc2 40. Bc5+ Kg8 41. Ra7 Ra1 42. h4 b4 43.
Rb7 a5 44. h5 1-0

[Event "Late-Titled-Tuesday-Blitz-March-19-2024"]
[Site "Chess.com"]
[Date "2024.03.19"]
[Round "5"]
[White "Firouzja2003"]
[Black "atbenina64"]
[Result "1-0"]
[WhiteElo "3093"]
[BlackElo "2735"]
[TimeControl "180+1"]
[EndTime "14:55:24 PDT"]
[Termination "Firouzja2003 won on time"]

1. Nf3 Nf6 2. g3 d5 3. Bg2 Bg4 4. h3 Bh5 5. d4 e6 6. O-O Nbd7 7. c4 c6 8. cxd5 exd5 9. Qb3 Qb6 10. Qe3+ Be7 11. Nh4 Bg6 12. Nc3 Nf8 13. Na4 Qc7 14. Nc5 b6 15. Nd3 Ne6 16. Nxg6 hxg6 17. Bd2 O-O 18. Rac1 Bd6 19. Nb4 Bxb4 20. Bxb4 Rfe8 21.
Qd3 Qd7 22. h4 g5 23. hxg5 Nxg5 24. Bd2 Nh3+ 25. Kh1 Ne4 26. Be3 g6 27. Bxe4 Rxe4 28. Kg2 Kg7 29. Rh1 Rh8 30. Rh2 g5 31. f3 Re7 32.
Rch1 g4 33. fxg4 Qxg4 34. Rxh3 Rxh3 35. Rxh3 f5 36. Rh4 Qg6 37. Rf4 Rf7 38. Rf3 c5 39. dxc5 bxc5 40. Bxc5 1-0